 Dungeon Crawl Stone Soup version 0.16-a0-2093-g8c923f7 (webtiles) character file.

259 PolkaDot the Caller (level 5, 0/61 HPs)
             Began as a Vampire Summoner on Nov 13, 2014.
             Succumbed to poison (a potion of poison)
             ... on level 4 of the Dungeon.
             The game lasted 00:11:31 (3515 turns).

PolkaDot the Caller (Vampire Summoner)              Turns: 3515, Time: 00:11:31

Health: 0/61       AC: 22    Str:  7    XL:     5   Next: 94%
Magic:  6/9        EV:  2    Int: 26    God:
Gold:   290        SH:  0    Dex: 14    Spells: 3 memorised, 2 levels left

rFire  . . .     SeeInvis +     k - +0 dagger (vamp)
rCold  . . .     Clarity  .     a - melded +0 robe
rNeg   + + +     SustAb   .     (no shield)
rPois  +         Gourm    .     (helmet currently unavailable)
rElec  .         Spirit   .     n - melded +0 cloak
rCorr  .         Warding  .     (gloves currently unavailable)
rMut   .         NoTele   +     (boots currently unavailable)
MR     .....                    (no amulet)
Stlth  +++.......               (no ring)
                                m - +3 ring of intelligence

@: brilliant, lethally poisoned, tree-form, regenerating quickly, not resistant
to hostile enchantments, fairly stealthy
A: (fangs 0), see invisible, (unbreathing)
a: no special abilities


You were on level 4 of the Dungeon.
You were very full.
You were a tree.
You visited 1 branch of the dungeon, and saw 4 of its levels.

You collected 290 gold pieces.

Inventory:

Hand weapons
 k - a +0 vampiric dagger (weapon)
 o - a +3 quarterstaff of chaos
Armour
 a - a +0 robe (melded)
 n - a +0 cloak (melded)
Jewellery
 m - a +3 ring of intelligence (left branch)
 s - an uncursed ring of wizardry {unknown}
Scrolls
 d - a scroll of recharging {unknown}
 f - a scroll of enchant armour {unknown}
 g - a scroll of teleportation {unknown}
 h - a scroll of immolation {unknown}
 j - 2 scrolls of remove curse
 l - a scroll of magic mapping {unknown}
 q - a scroll of noise {unknown}
 r - a scroll of identify
 t - a scroll of blinking {unknown}
 u - a scroll of fear {unknown}
Potions
 c - a potion of brilliance
 e - a potion of invisibility
Books
 b - a book of Callings

   Spells                             Type                      Level
   *Summon Small Mammal               Summoning                    1
   *Call Imp                          Summoning                    2
   *Call Canine Familiar              Summoning                    3
   Summon Guardian Golem              Hexes/Summoning              4
   Summon Lightning Spire             Summoning/Air                4
   Summon Ice Beast                   Ice/Summoning                4


   Skills:
 + Level 3.1 Fighting
 + Level 1.2 Staves
 - Level 2.1 Dodging
 - Level 3.0 Stealth
 - Level 2.0 Spellcasting
 * Level 5.8 Summonings


You had 2 spell levels left.
You knew the following spells:

 Your Spells              Type           Power        Failure   Level  Hunger
a - Summon Small Mammal   Summ           ####         1%          1    None
d - Call Canine Familiar  Summ           #####...     1%          3    ###....
s - Call Imp              Summ           #####...     1%          2    ##.....


Dungeon Overview and Level Annotations

Branches:
Dungeon (4/15)
 Temple: D:4-7

Altars:
Ashenzari
Cheibriados
Elyvilon
Gozag


Innate Abilities, Weirdness & Mutations

Your natural rate of healing is unusually fast.
((You have razor-sharp teeth.))
You have supernaturally acute eyesight.
((You can survive without breathing.))


Message History

The scorpion stings you but does no damage.
Casting: Call Imp
Confirm with . or Enter, or press ? or * to list all spells.
* * * LOW HITPOINT WARNING * * *
You feel sick.
The scorpion stings you but does no damage.
You hit the scorpion but do no damage.
The scorpion is lightly wounded.
* * * LOW HITPOINT WARNING * * *
You feel sick. The scorpion stings you.
* * * LOW HITPOINT WARNING * * *
You closely miss the scorpion.
The scorpion is lightly wounded.
* * * LOW HITPOINT WARNING * * *
You feel sick.
Your wolf bites the scorpion!
The scorpion stings your wolf but does no damage.
Your wolf bites the scorpion.
You hit the scorpion but do no damage.
The scorpion is heavily wounded.
You die...

### ..# #.# ..#
# #.### #.#.
##...# #
#.#.##.†..#####
###.####
#......s......#
.÷....>#
#.###.h♣.##.#.#
######.# #)#
#...## #
##(###.#
###.###.# #
...##.# #.....#
# #..##.#
##.#####
####.#..#..#
#..#
.[...#..#5##
##..#
.#####..5.#
#...# .##
#...##
#.#........


You could see a scorpion and a friendly wolf.

Vanquished Creatures
  Crazy Yiuf (D:2)
  4 adders
  A giant mite (D:2)
  A worm (D:3)
  2 giant geckos
  A ball python (D:2)
  24 bats
  3 giant cockroaches
  8 goblins
  6 hobgoblins
  A giant newt (D:4)
  3 jackals (D:4)
  13 kobolds
  A quokka (D:3)
  10 rats
79 creatures vanquished.

Vanquished Creatures (collateral kills)
  An ogre (D:4)
  An orc priest (D:3)
  2 orc wizards (D:3)
  A hound skeleton (D:4)
  An orc (D:3)
  A giant cockroach (D:2)
  A bat (D:1)
  A giant gecko (D:1)
  A goblin (D:1)
  A hobgoblin skeleton (D:4)
  2 kobolds (D:1)
  3 rats
16 creatures vanquished.

Vanquished Creatures (others)
  A bat (D:1)
1 creature vanquished.

Grand Total: 96 creatures vanquished

Notes
Turn   | Place    | Note
--------------------------------------------------------------
     0 | D:1      | PolkaDot, the Vampire Summoner, began the quest for the Orb.
     0 | D:1      | Reached XP level 1. HP: 13/13 MP: 3/3
   349 | D:1      | Reached skill level 1 in Fighting
   360 | D:1      | Reached XP level 2. HP: 14/21 MP: 1/4
   836 | D:1      | HP: 1/21 [kobold/short sword (6)]
  1308 | D:1      | Learned a level 2 spell: Call Imp
  1322 | D:2      | Found a snail-covered altar of Cheibriados.
  1334 | D:2      | Reached XP level 3. HP: 17/27 MP: 6/6
  1779 | D:2      | Found an opulent altar of Gozag.
  2113 | D:2      | Reached XP level 4. HP: 27/34 MP: 7/7
  2118 | D:2      | Learned a level 3 spell: Call Canine Familiar
  2152 | D:2      | Noticed Crazy Yiuf
  2162 | D:2      | Killed Crazy Yiuf
  2394 | D:3      | Reached skill level 5 in Summonings
  2942 | D:3      | Found a shattered altar of Ashenzari.
  2952 | D:3      | Reached XP level 5. HP: 40/40 MP: 0/9
  3321 | D:4      | Noticed an ogre
  3333 | D:4      | Killed an ogre
  3333 | D:4      | Reached skill level 1 in Staves
  3475 | D:4      | Found a white marble altar of Elyvilon.
  3514 | D:4      | HP: 2/61 [poison (a potion of poison)]
  3515 | D:4      | Succumbed to poison (a potion of poison)

Action                   |  1- 3 |  4- 6 || total
-------------------------+-------+-------++-------
Melee: Dagger            |   219 |   181 ||   400
       Short sword       |    50 |       ||    50
 Cast: Summon Small Mamm |    13 |       ||    13
       Call Imp          |     3 |     7 ||    10
       Call Canine Famil |       |     4 ||     4
  Use: Potion            |     1 |     3 ||     4
       Scroll            |     3 |       ||     3
 Stab: Sleeping          |     4 |     1 ||     5
       Distracted        |       |     1 ||     1
  Eat: Corpse            |    15 |    13 ||    28
